Map: Tropical Sacrifice

Players

gumiho

  • Race: Terran Terran
  • Spawn Location: 1:00

SKillous - Winner!

  • Race: Protoss Protoss
  • League: Grandmaster
  • Spawn Location: 7:00

Event: HomeStory Cup XXII

VOD

Have the link to the VOD?

Description

Time

  • Played on: Dec. 17, 2022, 4:21 p.m.
  • Length: 19:11

All games in this series

Show
View Real Time Build Order
Export as new Build Order

gumiho Terran 

Build Orders:  

Get SALT Encoding   

  12  0:00  SCV  
  13  0:12  SCV  
  14  0:17  Supply Depot  
  14  0:24  SCV  
  15  0:39  SCV  
  15  0:40  Barracks  
  16  0:44  Refinery  
  16  0:51  SCV  
  16  0:54  Refinery  
  17  1:03  SCV  
  18  1:15  SCV  
  18  1:18  Supply Depot  
  19  1:29  Orbital Command  
  19  1:30  Reaper  
  20  1:45  Factory  
  20  1:54  SCV  
  21  2:02  Reaper  
  21  2:07  SCV  
  23  2:19  SCV  
  24  2:25  Command Center  
  24  2:31  SCV  
  24  2:32  Hellion  
  24  2:34  Barracks Reactor  
  27  2:43  SCV  
  28  2:46  Starport  
  28  2:51  Supply Depot  
  28  2:56  Factory Tech Lab  
  28  2:57  SCV  
  29  3:09  SCV  
  30  3:15  Siege Tank  
  32  3:23  Medivac  
  32  3:24  SCV  
  35  3:27  Marine x2  
  37  3:36  SCV  
  37  3:39  Orbital Command  
  38  3:45  Marine x2  
  38  3:48  SCV  
  40  3:51  Cyclone  
  43  4:00  SCV  
  43  4:02  Starport Tech Lab  
  43  4:03  Marine x2  
  43  4:08  Supply Depot  
  45  4:13  SCV  
  45  4:14  SCV  
  47  4:20  Marine x2  
  47  4:23  Siege Tank  
  52  4:25  Banshee  
  53  4:37  SCV x2  
  55  4:39  Marine  
  56  4:49  SCV x2  
  58  4:53  Supply Depot  
  58  4:58  Marine  
  58  4:59  Barracks  
  56  5:01  SCV x2  
  56  5:05  Siege Tank  
  57  5:14  SCV x2  
  57  5:16  Marine x2  
  59  5:24  Raven  
  59  5:26  SCV  
  59  5:27  Refinery  
  62  5:31  SCV  
  62  5:32  Refinery  
  62  5:33  Engineering Bay  
  63  5:37  Supply Depot  
  63  5:38  Marine x2  
  63  5:39  SCV  
  66  5:43  SCV  
  66  5:47  Barracks Tech Lab  
  67  5:50  Barracks  
  67  5:51  SCV  
  67  5:55  SCV  
  69  6:02  Supply Depot, Terran Infantry Weapons Level 1  
  69  6:03  SCV  
  69  6:06  Stimpack  
  69  6:07  SCV  
  69  6:08  Marine x3  
  73  6:15  SCV  
  73  6:17  Siege Tank  
  77  6:19  SCV  
  77  6:20  Starport Reactor  
  77  6:23  Supply Depot  
  78  6:25  Supply Depot  
  78  6:29  SCV  
  78  6:30  Marine x2  
  78  6:31  Marine  
  78  6:32  SCV  
  83  6:41  SCV  
  83  6:42  Supply Depot  
  83  6:44  SCV  
  85  6:48  Supply Depot, Combat Shield  
  85  6:52  Marauder x2, Marine x2  
  91  6:56  Siege Tank  
  91  7:00  Medivac  
  96  7:02  Medivac  
  100  7:11  Marine x2  
  100  7:13  Marauder x2  
  106  7:16  Supply Depot  
  101  7:30  Command Center, Marine x2  
  101  7:32  Medivac  
  101  7:35  Marauder x2  
  106  7:41  Barracks x2  
  106  7:45  Concussive Shells  
  106  7:49  SCV x2  
  108  7:52  Marine x2  
  108  7:56  Marauder, Siege Tank  
  114  8:03  SCV x2  
  116  8:10  Marauder, Marine  
  119  8:17  Marauder, Marine  
  122  8:23  SCV x2  
  122  8:25  Terran Infantry Armor Level 1  
  124  8:28  Marine  
  124  8:32  Marauder  
  114  8:35  Marine  
  114  8:39  Marauder  
  114  8:40  Marine x2  
  109  8:42  SCV x2  
  109  8:44  Viking  
  109  8:46  Marine  
  114  8:53  Viking, Marauder, Marine  
  116  8:57  Marine  
  116  8:58  Marine  
  116  9:00  Marauder, Siege Tank  
  116  9:02  SCV x2  
  124  9:03  Marine  
  124  9:06  Orbital Command  
  125  9:11  Marine  
  125  9:14  Supply Depot  
  125  9:15  Supply Depot, SCV x2  
  128  9:19  Medivac  
  128  9:23  Medivac  
  132  9:25  Marauder  
  132  9:30  Barracks Reactor, Barracks Tech Lab  
  134  9:32  Armory  
  134  9:34  Engineering Bay  
  133  9:38  Marine  
  133  9:39  Marauder  
  133  9:45  SCV x3  
  139  9:46  Marauder  
  139  9:47  Sensor Tower  
  139  9:54  Marine  
  139  9:55  Marauder  
  139  9:56  Marine  
  140  10:01  Marauder  
  141  10:08  SCV, Marauder  
  141  10:11  Command Center  
  141  10:12  Medivac x2, Marine  
  149  10:14  Marine  
  149  10:18  Supply Depot  
  149  10:19  Supply Depot  
  149  10:20  Refinery  
  150  10:25  Marauder x2, Marine x2  
  146  10:28  Marine  
  146  10:30  Marine  
  146  10:32  Marine  
  146  10:33  Siege Tank  
  152  10:39  Terran Infantry Weapons Level 2  
  152  10:42  Terran Infantry Armor Level 2  
  152  10:46  SCV x2, Marauder  
  152  10:48  SCV  
  159  10:50  Marauder, Marine  
  160  11:00  Medivac x2  
  164  11:08  Marauder, Marine x2  
  168  11:11  Siege Tank  
  168  11:12  Marauder  
  173  11:22  Marine x2  
  173  11:23  Marauder  
  177  11:26  Supply Depot  
  177  11:27  Supply Depot  
  177  11:30  Marauder  
  170  11:38  Marine x2  
  170  11:39  Marauder  
  168  11:40  Marine x2  
  168  11:44  Marauder  
  157  12:00  Marauder, Marine x4  
  137  12:02  Siege Tank, Marine  
  137  12:05  Marine  
  137  12:06  SCV x3  
  142  12:10  Planetary Fortress  
  141  12:17  Marine x2  
  141  12:18  SCV x2, Marine x2  
  141  12:20  SCV, Marine  
  141  12:21  Marauder  
  150  12:23  Marine  
  147  12:30  SCV x2  
  147  12:32  SCV  
  147  12:33  Missile Turret  
  147  12:35  Marine x3  
  147  12:36  Marine  
  151  12:37  Missile Turret, Marine  
  151  12:40  Missile Turret  
  151  12:41  Marine  
  151  12:42  SCV x2  
  150  12:46  SCV  
  151  12:54  SCV x2  
  151  12:55  Ghost Academy  
  153  12:59  Widow Mine  
  153  13:01  Marauder x2, Marine  
  160  13:05  Marine x2  
  160  13:09  Medivac  
  160  13:10  Medivac  
  166  13:19  SCV x3  
  169  13:21  Refinery x2  
  169  13:22  Refinery  
  144  13:49  Ghost x3  
  150  13:59  SCV x3  
  146  14:11  SCV  
  146  14:13  Terran Infantry Weapons Level 3  
  143  14:17  Ghost x2  
  143  14:18  Marauder, Marine x2  
  143  14:23  Marine x2  
  153  14:27  Siege Tank  
  156  14:33  Command Center  
  156  14:34  Missile Turret  
  156  14:35  Marine  
  156  14:36  Supply Depot, Marine  
  158  14:40  Marauder, Marine x2  
  162  14:46  Sensor Tower, Marine  
  163  15:06  Marauder, Marine x2  
  167  15:08  Marauder  
  167  15:10  Medivac x2, Widow Mine  
  175  15:14  Marauder, Marine x2  
  175  15:19  Missile Turret  
  179  15:24  Marine x2  
  179  15:26  SCV x3  
  179  15:27  SCV  
  179  15:28  Marauder  
  187  15:33  Supply Depot  
  187  15:35  Supply Depot  
  187  15:37  Marauder  
  187  15:38  Marauder  
  174  15:54  Marine x2  
  174  15:55  Marauder  
  155  16:18  Marine x2  
  155  16:19  Marauder, Marine x2  
  155  16:20  Widow Mine, Marauder  
  155  16:23  Medivac x2  
  156  16:35  Marauder  
  156  16:36  Marine  
  155  16:40  Marauder, Ghost  
  155  16:42  Widow Mine  
  159  16:53  Viking x2  
  163  16:55  Ghost  
  163  17:03  Marine x4  
  164  17:10  Marauder  
  148  17:20  Marine  
  148  17:21  Marine x3  
  139  17:25  Marauder  
  121  17:31  Marauder  
  107  17:38  Marine  
  107  17:39  Marine x3  
  90  17:46  Marauder  
  83  18:03  Barracks  
  83  18:04  Barracks  
  83  18:05  Barracks x2  
  80  18:06  Barracks  
  58  18:43  Barracks  
  58  18:44  Barracks x3  
  58  18:45  Supply Depot x2, Barracks x2  
  58  18:46  Barracks  
Show
View Real Time Build Order
Export as new Build Order

SKillous Protoss - Winner!

Build Orders: 1 Gate Expand, Blink Stalkers 

Get SALT Encoding   

  12  0:00  Probe  
  13  0:12  Probe  
  14  0:17  Pylon  
  14  0:24  Probe  
  15  0:35  Gateway  
  15  0:36  Probe (Chrono Boost)  
  16  0:46  Probe (Chrono Boost), Assimilator  
  17  0:51  Probe (Chrono Boost)  
  18  1:03  Probe  
  19  1:15  Probe  
  20  1:23  Cybernetics Core  
  20  1:33  Nexus  
  20  1:40  Pylon  
  20  1:45  Probe  
  21  1:51  Assimilator  
  21  1:57  Probe  
  21  2:00  Adept (Chrono Boost)  
  24  2:02  Warp Gate  
  24  2:09  Probe  
  25  2:21  Shield Battery, Probe  
  25  2:22  Adept (Chrono Boost)  
  28  2:33  Probe  
  28  2:35  Twilight Council  
  29  2:45  Probe x2  
  29  2:50  Adept  
  33  2:57  Probe x2  
  35  3:03  Blink (Chrono Boost)  
  33  3:09  Probe  
  33  3:10  Probe  
  35  3:25  Probe  
  32  3:27  Probe  
  33  3:37  Probe  
  33  3:39  Probe  
  35  3:47  Gateway  
  35  3:48  Robotics Facility  
  35  3:49  Probe  
  35  3:51  Probe  
  36  4:01  Probe  
  37  4:03  Probe  
  37  4:06  Stalker  
  40  4:10  Shield Battery  
  40  4:14  Pylon  
  40  4:16  Probe x2 (Chrono Boost)  
  42  4:27  Probe (Chrono Boost)  
  42  4:30  Probe (Chrono Boost)  
  42  4:32  Probe (Chrono Boost)  
  42  4:36  Stalker  
  42  4:38  Probe  
  47  4:42  Stalker  
  47  4:44  Probe  
  50  4:46  Pylon  
  50  4:52  Shield Battery  
  47  4:56  Immortal (Chrono Boost)  
  47  4:59  Stalker  
  53  5:09  Stalker  
  53  5:11  Probe x2  
  55  5:21  Gateway  
  55  5:23  Probe x2  
  55  5:27  Observer  
  58  5:29  Assimilator  
  58  5:30  Assimilator, Pylon  
  58  5:31  Robotics Bay  
  58  5:35  Probe  
  59  5:44  Probe  
  59  5:47  Sentry  
  59  5:48  Probe  
  63  5:50  Observer (Chrono Boost)  
  63  5:55  Pylon  
  64  6:04  Nexus  
  64  6:08  Stalker  
  64  6:10  Probe x2  
  68  6:15  Colossus (Chrono Boost)  
  68  6:22  Probe  
  75  6:26  Probe  
  75  6:34  Probe  
  75  6:38  Probe  
  77  6:45  Pylon  
  77  6:46  Probe  
  78  6:50  Extended Thermal Lance, Gateway  
  78  6:51  Charge, Gateway  
  78  6:55  Pylon  
  78  7:01  Colossus (Chrono Boost)  
  78  7:03  Probe x2  
  78  7:06  Shield Battery  
  86  7:08  Shield Battery  
  86  7:12  Observer  
  86  7:15  Gateway, Probe x2  
  88  7:16  Pylon  
  88  7:21  Probe  
  89  7:24  Observer  
  89  7:25  Stalker x2  
  91  7:30  Probe x2  
  91  7:33  Probe  
  94  7:39  Colossus (Chrono Boost)  
  94  7:43  Forge  
  100  7:45  Pylon  
  100  7:47  Probe  
  100  7:48  Pylon  
  100  7:56  Zealot x3  
  106  8:00  Zealot x2  
  108  8:12  Zealot  
  108  8:14  Pylon  
  108  8:15  Pylon  
  108  8:18  Shield Battery  
  108  8:19  Zealot x2, Colossus (Chrono Boost)  
  112  8:20  Zealot  
  112  8:23  Zealot  
  122  8:31  Zealot  
  116  8:36  Protoss Ground Weapons Level 1 (Chrono Boost)  
  116  8:38  Zealot  
  116  8:40  Zealot x3  
  104  8:46  Probe  
  105  8:51  Probe  
  100  8:56  Stalker x2  
  100  8:58  Assimilator  
  100  8:59  Gateway, Assimilator  
  104  9:03  Gateway  
  104  9:04  Stalker x2  
  104  9:05  Stalker  
  104  9:09  Observer (Chrono Boost)  
  111  9:23  Zealot  
  113  9:25  Stalker x2  
  113  9:26  Probe  
  113  9:29  Probe  
  113  9:31  Warp Prism (Chrono Boost)  
  119  9:34  Stalker x3  
  119  9:37  Photon Cannon  
  127  9:44  Probe  
  128  9:46  Stalker  
  128  9:47  Probe  
  127  9:53  Nexus  
  127  10:02  Disruptor (Chrono Boost)  
  127  10:03  Zealot  
  132  10:08  Probe x2  
  132  10:09  Pylon  
  132  10:11  Probe  
  135  10:17  Pylon  
  135  10:27  Zealot  
  133  10:28  Stalker x4  
  133  10:29  Stalker  
  143  10:35  Dark Shrine  
  143  10:36  Disruptor (Chrono Boost)  
  143  10:40  Robotics Facility  
  146  10:46  Sentry  
  148  10:50  Shield Battery  
  148  10:55  Zealot x3  
  150  11:08  Disruptor (Chrono Boost)  
  153  11:14  Forge, Protoss Ground Weapons Level 2 (Chrono Boost)  
  153  11:24  Nexus, Zealot x4  
  161  11:28  Zealot x2  
  164  11:44  Stalker x3  
  164  11:46  Disruptor  
  169  11:51  Zealot x5  
  165  11:59  Disruptor  
  140  12:02  Shadow Stride (Chrono Boost)  
  140  12:03  Probe  
  135  12:09  Dark Templar x3  
  137  12:20  Dark Templar x2, Protoss Ground Armor Level 1 (Chrono Boost)  
  137  12:21  Disruptor  
  136  12:25  Probe  
  137  12:34  Observer  
  135  12:37  Stalker x3  
  135  12:40  Probe x2 (Chrono Boost), Pylon  
  135  12:42  Probe x3 (Chrono Boost)  
  140  12:49  Disruptor  
  145  12:52  Probe x2 (Chrono Boost)  
  145  12:53  Zealot  
  145  12:57  Probe x3 (Chrono Boost)  
  145  12:58  Dark Templar x4, Probe (Chrono Boost)  
  158  13:01  Pylon  
  158  13:04  Observer  
  160  13:09  Dark Templar x3, Observer  
  166  13:20  Assimilator  
  166  13:23  Assimilator  
  166  13:24  Shield Battery, Disruptor, Stalker  
  166  13:25  Disruptor, Nexus  
  174  13:27  Pylon  
  174  13:34  Dark Templar x2  
  174  13:36  Photon Cannon  
  174  13:38  Pylon  
  176  13:46  Dark Templar x2  
  164  13:59  Dark Templar x3  
  164  14:00  Zealot  
  164  14:01  Observer  
  167  14:08  Zealot  
  166  14:13  Dark Templar  
  162  14:20  Observer  
  162  14:21  Stalker  
  166  14:31  Gateway  
  166  14:35  Protoss Ground Weapons Level 3 (Chrono Boost)  
  166  14:37  Warp Prism  
  166  14:39  Nexus, Gateway x2  
  166  14:41  Pylon  
  166  14:42  Gateway  
  166  14:43  Zealot x2  
  166  14:44  Protoss Ground Armor Level 2 (Chrono Boost), Zealot  
  168  14:55  Zealot x2  
  168  14:56  Zealot  
  168  15:02  Probe  
  168  15:06  Stalker x3  
  171  15:14  Shield Battery, Photon Cannon  
  171  15:17  Stalker x3, Assimilator, Pylon  
  171  15:18  Assimilator  
  175  15:30  Stargate  
  175  15:31  Zealot x4  
  183  15:41  Archon x3  
  153  15:43  Zealot x6  
  143  15:52  Stalker x4  
  145  16:04  Stalker x2  
  147  16:09  Stalker  
  147  16:15  Zealot x4  
  155  16:18  Zealot x3  
  155  16:37  Zealot x2  
  155  16:38  Zealot x3, Dark Templar  
  166  16:42  Sentry  
  164  16:55  Zealot x3  
  164  17:00  Dark Templar  
  156  17:02  Zealot x4  
  164  17:15  Dark Templar  
  152  17:20  Dark Templar  
  138  17:26  Zealot x2  
  138  17:27  Zealot x5  
  152  17:38  Stalker  
  136  17:51  Dark Templar x2  
  100  17:59  Zealot x7  
  100  18:01  Shield Battery  
  100  18:04  Photon Cannon  
  100  18:05  Photon Cannon  
  114  18:09  Photon Cannon  
  114  18:11  Dark Templar  
  102  18:59  Zealot  
Tags
 
Add a new tag
Caveats
  • Supply blocks, unpowered buildings, or Contaminate may cause inaccurate times.
  • Supply counts are checked every 10 seconds.